AoeStats
← CNZS_98T

Arabia

510306707Analyzed
1v1 RM · 23h ago on Sep 30, 2026· 42m 27s· 2 players
Game mode
Random Map
Map size
Tiny (2 player)
Population
200
Speed
Normal
Resources
Standard
Victory
Conquest
Starting age
Dark Age
Ending age
Imperial Age
RankedLock teamsTeams togetherTeam positionsShared explorationLock speedFull tech treeHidden civsTurbo modeCheats
Victory
Defeat
🇳🇱 Japanese · Netherlands
2573
+1
🇩🇪 Aztecs · Germany
1923
-1
CNZS_98T
6:38 Loom
9:09 Feudal Age
9:21 Man-at-Arms
10:42 Double-Bit Axe
12:19 Horse Collar
16:05 Fletching
16:58 Padded Archer Armor
20:33 Castle Age
19:12 Gold Mining
19:23 Scale Mail Armor
21:06 Wheelbarrow
20:34 Elite Skirmisher
21:10 Bodkin Arrow
20:38 Long Swordsman
21:04 Arson
21:55 Squires
22:30 Bow Saw
22:36 Chain Mail Armor
22:46 Gambesons
25:57 Bow Saw
27:53 Husbandry
28:12 Stone Mining
29:51 Bloodlines
30:10 Forging
35:33 Imperial Age
34:01 Ballistics
33:55 Heavy Plow
34:46 Hand Cart
34:35 Town Watch
35:27 Iron Casting
36:42 Conscription
36:51 Masonry
37:23 Plate Mail Armor
37:59 Blast Furnace
37:45 Elite Samurai
40:37 Two-Man Saw
40:41 Kataparuto
40:30 Siege Engineers
Sir_Ragealot
6:34 Loom
9:09 Feudal Age
9:29 Man-at-Arms
14:58 Double-Bit Axe
15:28 Fletching
20:28 Castle Age
18:58 Horse Collar
19:11 Gold Mining
25:47 Wheelbarrow
25:59 Bow Saw
25:59 Town Watch
34:26 Imperial Age
32:56 Hand Cart
34:47 Stone Mining
37:19 Scale Mail Armor
37:30 Forging
37:07 Gambesons
37:23 Squires
39:18 Chain Mail Armor
39:38 Iron Casting
39:27 Elite Jaguar Warrior
42:28 Plate Mail Armor
Connection lost

Rejoining the realm…

Still unreachable

The connection could not be restored.

Session expired

The server has moved on; the page needs a fresh start.